 Dungeon Crawl Stone Soup version 0.20.1-1-g8b1a95d (webtiles) character file.

63 Knicklaso the Digger (level 4, -3/24 HPs)
             Began as a Gargoyle Earth Elementalist on Aug 13, 2017.
             Slain by a worker ant (4 damage)
             ... on level 3 of the Dungeon.
             The game lasted 00:06:43 (3177 turns).

Knicklaso the Digger (Gargoyle Earth Elementalist)  Turns: 3177, Time: 00:06:44

Health: -3/24      AC:  5    Str: 11    XL:     4   Next: 9%
Magic:  8/8        EV: 12    Int: 17    God:
Gold:   70         SH:  0    Dex: 10    Spells: 5/9 levels left

rFire    . . .     SeeInvis .   a - +0 mace
rCold    . . .     Gourm    .   (no shield)
rNeg     + . .     Faith    .   c - +0 robe
rPois    ∞         Spirit   .   (no helmet)
rElec    +         Reflect  .   (no cloak)
rCorr    .         Harm     .   (no gloves)
MR       .....                  (no boots)
Stlth    ++........             (no amulet)
Regen    0.1/turn               (no ring)
MPRegen  0.2/turn               (no ring)

@: no status effects
A: negative energy resistance 1, electricity resistance, unbreathing,
petrification resistance, rot immunity, AC +3
a: no special abilities


You were on level 3 of the Dungeon.
You were not hungry.

You visited 1 branch of the dungeon, and saw 3 of its levels.

You collected 70 gold pieces.

Inventory:

Hand Weapons
 a - a +0 mace (weapon)
Missiles
 b - 123 stones (quivered)
Armour
 c - a +0 robe (worn)
 q - cursed +0 fire dragon scales
Jewellery
 r - an uncursed ring of positive energy {unknown}
Scrolls
 g - a scroll of noise {unknown}
 h - 4 scrolls of identify {unknown}
 j - 4 scrolls of teleportation {unknown}
 k - a scroll of remove curse {unknown}
 m - a scroll of amnesia {unknown}
 o - a scroll of recharging {unknown}
 v - 2 scrolls of enchant weapon {unknown}
Potions
 f - a potion of mutation {unknown}
 i - a potion of magic
 l - a potion of heal wounds {unknown}
 n - a potion of curing
 s - a potion of lignification {unknown}
 t - a potion of ambrosia {unknown}
Books
 e - a book of Geomancy

   Spells                             Type                      Level
   a - Sandblast                      Earth                        1
   b - Passwall                       Transmutation/Earth          2
   c - Stone Arrow                    Conjuration/Earth            3
   d - Petrify                        Transmutation/Earth          4
   e - Lee's Rapid Deconstruction     Earth                        5
Comestibles
 d - a bread ration
 p - a royal jelly
 u - a meat ration
 w - 7 chunks of flesh


   Skills:
 - Level 1.5 Dodging
 - Level 2.1 Stealth
 + Level 3.1 Spellcasting
   Level 0.7 Transmutations
 + Level 4.8 Earth Magic


You had 5 spell levels left.
You knew the following spells:

 Your Spells              Type           Power        Failure   Level  Hunger
a - Sandblast             Erth           ###...       2%          1    None
b - Stone Arrow           Conj/Erth      ##....       19%         3    ###....


Dungeon Overview and Level Annotations

Branches:
Dungeon (3/15)

Altars:
Ashenzari
Trog


Innate Abilities, Weirdness & Mutations

You are resistant to torment.
Your stone body is resilient. (AC +3)
You are immune to poison.
You resist negative energy. (rN+)
You are resistant to electric shocks. (rElec)
You can survive without breathing.
You are immune to petrification.
You are immune to rotting.


Message History

Press: ? - help, Shift-Dir - straight line, f/p - worker ant
Aim: a worker ant (almost dead)
The blast of sand hits the worker ant.
The worker ant is almost dead.
b - 123 stones The worker ant bites you.
* * * LOW HITPOINT WARNING * * *
Casting: Sandblast
Confirm with . or Enter, or press ? or * to list all spells.
You don't know that spell.
You closely miss the worker ant.
The worker ant is almost dead.
The worker ant bites you.
* * * LOW HITPOINT WARNING * * *
The worker ant completely misses you.
It was a potion of curing.
You feel better. The worker ant bites you.
* * * LOW HITPOINT WARNING * * *
It was a potion of magic.
Magic courses through your body. The worker ant bites you.
You die...

###..#.# ###. .#
#......# #... # .#
#...#### #.#. #.
.#.#...# #... .# #
.#.#...### #.## #
.#. .. #.....# #.##
#.#.# .# #.....#
#... #.#.##a#
#.....# #.##
#....@.# #.....#
##.## ###.####
#<....# #.... #÷#
####### #..## #.#
######### #..## #.#
#.......# #...#
#.###.#####.# #.#.#
#.....#####.####.#.#
########.......#....
#.##.##<###.#


You could see a worker ant.

Vanquished Creatures
  2 dart slugs
  2 leopard geckos
  2 orcs (D:3)
  5 bats
  4 giant cockroaches
  7 goblins
  5 hobgoblins
  4 jackals
  A quokka (D:2)
  2 ball pythons
  6 frilled lizards
  4 kobolds
  9 rats
53 creatures vanquished.

Notes
Turn   | Place    | Note
-------+----------+-------------------------------------------
     0 | D:1      | Knicklaso the Gargoyle Earth Elementalist began the quest for the Orb.
     0 | D:1      | Reached XP level 1. HP: 10/10 MP: 3/3
   309 | D:1      | Reached skill level 4 in Earth Magic
   309 | D:1      | Reached XP level 2. HP: 5/15 MP: 3/5
  1409 | D:1      | Reached XP level 3. HP: 19/19 MP: 7/7
  1831 | D:2      | Learned a level 3 spell: Stone Arrow
  2577 | D:2      | Found a bloodstained altar of Trog.
  2962 | D:3      | Reached XP level 4. HP: 24/24 MP: 8/8
  2964 | D:3      | Found a shattered altar of Ashenzari.
  3175 | D:3      | HP: 1/24 [worker ant (6)]
  3177 | D:3      | Slain by a worker ant

Skill      XL: |  1  2  3 |
---------------+----------+-----
Earth Magic    | 4 |  4.8
Spellcasting   | 3 |  3.1
Dodging        | |  1.5
Stealth        | |  2.1
Transmutations | |  0.7

Action                   |  1- 3 |  4- 6 || total
-------------------------+-------+-------++-------
Melee: Mace              |   164 |     8 ||   172
 Cast: Sandblast         |    14 |     8 ||    22
  Use: Potion            |       |     2 ||     2
 Stab: Sleeping          |     1 |       ||     1
  Eat: Chunk             |     6 |     1 ||     7
Armor: Robe              |    61 |     3 ||    64
Dodge: Dodged            |   160 |    14 ||   174
